 Dungeon Crawl Stone Soup version 0.24.0-2-g5b39cebb1c (webtiles) character file.

Game seed: 16872574743483512659, levelgen mode: deterministic

173 Mrkan the Chopper (level 5, -1/47 HPs)
             Began as a Hill Orc Fighter on Oct 31, 2019.
             Was a Follower of Yredelemnul.
             Slain by a gnoll
             ... wielding a cursed -3 flail
              (5 damage)
             ... on level 3 of the Dungeon.
             The game lasted 00:04:48 (2311 turns).

Mrkan the Chopper (Hill Orc Fighter)                Turns: 2311, Time: 00:04:50

Health: -1/47      AC:  8    Str: 19    XL:     5   Next: 53%
Magic:  6/6        EV:  7    Int:  8    God:    Yredelemnul [*.....]
Gold:   264        SH:  9    Dex: 11    Spells: 4/4 levels left

rFire    . . .     SeeInvis .   a - +0 war axe
rCold    . . .     Gourm    .   c - +0 shield
rNeg     . . .     Faith    .   b - +0 scale mail
rPois    .         Spirit   .   (no helmet)
rElec    .         Reflect  .   (no cloak)
rCorr    .         Harm     .   s - +0 pair of gloves
MR       .....                  (no boots)
Stlth    ..........             (no amulet)
HPRegen  0.15/turn              (no ring)
MPRegen  0.10/turn              (no ring)

@: lethally poisoned (-1 -> -4)
A: no striking features
a: Animate Remains, Renounce Religion


You were on level 3 of the Dungeon.
You worshipped Yredelemnul.
Yredelemnul was aware of your devotion.
You were hungry.

You visited 1 branch of the dungeon, and saw 4 of its levels.

You collected 264 gold pieces.

Inventory:

Hand Weapons
 a - a +0 war axe (weapon)
Armour
 b - a +0 scale mail (worn)
 c - a +0 shield (worn)
 s - a +0 pair of gloves (worn)
 u - a +0 cloak
Jewellery
 g - an uncursed ring of wizardry {unknown}
 x - an uncursed ring of protection from fire {unknown}
Scrolls
 e - 3 scrolls of identify {unknown}
 h - 3 scrolls of enchant weapon {unknown}
 j - a scroll of enchant armour {unknown}
 m - a scroll of random uselessness {unknown}
 q - 5 scrolls of remove curse {unknown}
 r - 2 scrolls of magic mapping {unknown}
 v - a scroll of teleportation {unknown}
 w - a scroll of blinking {unknown}
Potions
 d - a potion of might
 i - a potion of heal wounds {unknown}
 k - 3 potions of curing
 l - a potion of flight {unknown}
 n - 2 potions of haste {unknown}
 o - 2 potions of mutation {unknown}
 p - 2 potions of agility {unknown}
 t - a potion of resistance {unknown}
Comestibles
 f - 5 rations


   Skills:
 + Level 4.5 Fighting
 * Level 5.0 Axes
 + Level 4.0 Armour
 + Level 4.1 Shields
 + Level 1.5 Invocations


You had 4 spell levels left.
You didn't know any spells.
Your spell library was empty.

Dungeon Overview and Level Annotations

Branches:
Dungeon (4/15)
 Temple: D:4-7

Altars:
Kikubaaqudgha
Ru
Trog
Wu Jian
Yredelemnul


Message History

You feel sick. The gnoll hits you but does no damage.
You block the gnoll's attack.
You feel sick.
There is a stone staircase leading up here.
You block the gnoll's attack.
The gnoll hits you from afar with a +1 halberd of venom.
* * * LOW HITPOINT WARNING * * *
You climb upwards.
You feel sick.
There is a stone staircase leading down here.
You hit the gnoll.
The gnoll is lightly wounded.
You feel sick. The gnoll hits you but does no damage.
The gnoll barely misses you.
You hit the gnoll.
The gnoll is moderately wounded.
The gnoll hits you with a cursed -3 flail.
* * * LOW HITPOINT WARNING * * *
The gnoll hits you with a cursed -3 flail.
You die...
Your body rises from the dead as a mindless zombie.

#.# #.# #...... #.# #.#
#.##### #####.#
#.######### #.....#
#.#........ #.##..#
#.#.#######
#.##..######.#.# #
#.##.........#.# #
#.###.########.#######
#....@g...............
#################.#######
#.................# #
#.################# #
#.##.......# ########
#.##.#####.# #.......
#.##.#...#.# #.######
########.##.#.#.#รท# #.#
#........##.#.#.#.# #.#


You could see a gnoll.

Vanquished Creatures
  A worker ant (D:3)
  6 adders
  3 oozes
  2 worms
  3 dart slugs
  4 leopard geckos
  4 orcs (D:3)
  4 giant cockroaches
  4 goblins
  8 hobgoblins
  6 kobolds
  A ball python (D:2)
  8 bats
  3 frilled lizards
  A leopard gecko skeleton (D:4)
  5 rats
63 creatures vanquished.

Notes
Turn   | Place    | Note
-------+----------+-------------------------------------------
     0 | D:1      | Mrkan the Hill Orc Fighter began the quest for the Orb.
     0 | D:1      | Reached XP level 1. HP: 19/19 MP: 1/1
    37 | D:1      | Reached skill level 3 in Axes
   108 | D:1      | Reached XP level 2. HP: 27/27 MP: 2/2
   472 | D:2      | Reached XP level 3. HP: 26/33 MP: 3/3
   502 | D:2      | Reached skill level 4 in Axes
   692 | D:2      | Reached XP level 4. HP: 40/40 MP: 4/4
   695 | D:2      | Found a basalt altar of Yredelemnul.
   703 | D:2      | Became a worshipper of Yredelemnul the Dark
  1079 | D:2      | Found a sacrificial altar of Ru.
  1080 | D:2      | Found an ornate altar of the Wu Jian Council.
  1084 | D:2      | Found a bloodstained altar of Trog.
  1299 | D:3      | Reached skill level 1 in Invocations
  1299 | D:3      | Reached XP level 5. HP: 40/47 MP: 5/5
  1511 | D:3      | Reached * piety under Yredelemnul
  2114 | D:3      | Reached skill level 5 in Axes
  2145 | D:3      | Found an ancient bone altar of Kikubaaqudgha.
  2311 | D:3      | Slain by a gnoll

Levels and vault maps discovered:
D:1:      minmay_arrival_solitary_statue, layout_rooms, minmay_domino_2
D:2:      layout_rooms, lemuel_round_altar,
          chequers_temple_overflow_statue_of_worship, minmay_misc_feat_hallway
D:3:      layout_basic, nicolae_overflow_hidden_temple, st_stairs_2
D:4:      layout_gridville, first_ration, ebering_ghost_rock_garden,
          uniq_blork_the_orc

Skill      XL: |  1  2  3  4  5 |
---------------+----------------+-----
Axes           | 3 4 5 |  5.0
Fighting       | 4 |  4.5
Shields        | 4 |  4.1
Invocations    | 1 |  1.5
Armour         | 4 |  4.0

Action                   |  1- 3 |  4- 6 || total
-------------------------+-------+-------++-------
Melee: War axe           |    54 |   144 ||   198
  Use: Potion            |       |     1 ||     1
  Eat: Chunk             |       |     4 ||     4
Armor: Scale mail        |    32 |    71 ||   103
Dodge: Dodged            |    24 |    53 ||    77
Block: Shield            |    38 |    92 ||   130
